Login

Dallas Stars vs Los Angeles Kings

Created - 22 April 2024 at 23:44

Goals
1 2 3 T
Dallas Stars 1 1 2 4
Los Angeles Kings 3 2 2 7
Shots
1 2 3 T
Dallas Stars 11 8 14 33
Los Angeles Kings 12 7 9 28

GoalsPenalties
1st period
1. Los Angeles Kings , Phillip Danault 5 (Arthur Kaliyev 5, Matt Roy 8) at 6:09
2. Los Angeles Kings , Arthur Kaliyev 4 (Andreas Englund 1, Quinton Byfield 3) at 6:45
3. Dallas Stars , Miro Heiskanen 5 (Matt Duchene 9) at 15:41
4. Los Angeles Kings , Phillip Danault 6 (Drew Doughty 15, Adrian Kempe 11) at 18:31
Miro Heiskanen (DAL) for Slashing (Minor) at 3:22
2nd period
5. Dallas Stars , Matt Duchene 8 (Miro Heiskanen 17) at 0:57
6. Los Angeles Kings , Adrian Kempe 12 (Noah Hanifin 7, Phillip Danault 8) at 12:04
7. Los Angeles Kings , Blake Lizotte 4 (Quinton Byfield 4, Drew Doughty 16) at 19:02
Mason Marchment (DAL) for High sticking (Minor) at 2:03
Andreas Englund (LAK) for Roughing (Minor) at 7:17
Gavin Bayreuther (DAL) for Roughing (Minor) at 12:12
Gavin Bayreuther (DAL) for High sticking (Minor) at 19:49
3rd period
8. Los Angeles Kings , Adrian Kempe 13 (Sam Bennett 13, Phillip Danault 9) at 2:08
9. Los Angeles Kings , Adrian Kempe 14 (Sam Bennett 14, Phillip Danault 10) at 5:19
10. Dallas Stars , Roope Hintz 11 (Nils Lundkvist 6, Mason Marchment 7) at 9:11
11. Dallas Stars , Wyatt Johnston 2 (Jani Hakanpaa 4, Ryan Suter 3) at 15:44
Drew Doughty (LAK) for Roughing (Minor) at 2:23
Mikey Anderson (LAK) for Tripping (Minor) at 16:37
Goalie Stats
Jake Oettinger (DAL), 14 saves from 18 shots - (0.778), 32:04 minutes
Scott Wedgewood (DAL), 7 saves from 10 shots - (0.700), L, 0-1-0, 27:56 minutes
Joonas Korpisalo (LAK), 29 saves from 33 shots - (0.879), W, 6-8-0, 60:00 minutes
3 StarsOfficial
1 - Adrian Kempe (LAK)
2 - Phillip Danault (LAK)
3 - Sam Bennett (LAK)
Referees : Jim Curtin and Troy Paterson
Linesman : Ken Bonham and Jake Davis
Game Note
Scott Wedgewood enters game at 12:04 of 2nd period
Adrian Kempe has scored a Hat Trick!
Finance
Level 1 -- Attendance: 5507 (91.78%) -- Ticket Income $550,700
Level 2 -- Attendance: 4723 (94.46%) -- Ticket Income $283,380
Level 3 -- Attendance: 1711 (85.55%) -- Ticket Income $59,885
Level 4 -- Attendance: 3022 (75.55%) -- Ticket Income $75,550
Luxury Box -- Attendance: 963 (96.30%) -- Ticket Income $192,600
Game was played at the Crypto.com Arena.
Total Attendance: 15926 (88.48%)
Total Ticket Income: $1,162,115
Other Income: $569,436
Total Income: $1,731,551



Team Name Goals Shots Shots Attemp Shots Blocked PIM HIT PP PK FO%
Dallas Stars 43359158200 / 3 (0%)043%
Los Angeles Kings 7285696210 / 4 (0%)057%

Dallas Stars
Player Name POS G A P +/- PIM HIT SHT SB MP PP MP PP SHT PK MP PK SHT FO% FOT GA TA
Craig SmithC000100109:250:0001:30050% 200
Gavin BayreutherD000-2400218:360:0001:0000% 000
Jamie BennLW000-1013019:042:3704:250100% 111
Jani HakanpaaD0110011221:192:3013:4500% 003
Jason RobertsonLW000-2013118:053:2000:19033% 321
Joe PavelskiC000-2012019:433:1402:11133% 300
Mason MarchmentLW011-1210212:580:0001:0100% 000
Matt DucheneC112-2023119:413:1404:15057% 1411
Miro HeiskanenD112-3223326:503:2703:1100% 020
Nils LundkvistD011-1001118:443:2704:1000% 001
Radek FaksaC0000041011:450:0000:0000% 001
Roope HintzC101-2015019:012:3702:11130% 2300
Ryan SuterD0110011223:152:3003:4600% 000
Sam SteelC0000002011:530:0600:00075% 400
Thomas HarleyD000-1002111:350:0000:0000% 000
Ty DellandreaC000102207:550:0600:0000% 000
Tyler SeguinC000-1030014:242:3700:0000% 100
Wyatt JohnstonC101100307:470:0000:0000% 021
Los Angeles Kings
Player Name POS G A P +/- PIM HIT SHT SB MP PP MP PP SHT PK MP PK SHT FO% FOT GA TA
Adrian KempeRW3142006018:354:2200:000100% 100
Andreas EnglundD0112222113:490:0001:1500% 002
Arthur KaliyevLW1121002014:160:0001:4500% 020
Blake LizotteC1012002014:100:0000:00050% 400
Carl GrundstromRW000000000:000:0000:0000% 000
Drew DoughtyD0222211125:254:4302:3800% 012
Jacob MoverareD0002010012:430:0000:3600% 000
Matt RoyD011-1010320:253:1301:4400% 011
Mikey AndersonD000-1200021:113:1302:0400% 011
Noah HanifinD0112022226:524:4303:3700% 001
Phillip DanaultLW2351025025:024:2203:060100% 210
Quinton ByfieldRW0222010014:100:0000:0000% 100
Sam BennettC0222032221:394:2203:04062% 3401
Trevor LewisC0001010020:093:3401:06033% 600
Trevor MooreLW0000061018:343:3411:5600% 100
Tyson JostC000-100006:100:0000:57050% 200
Viktor ArvidssonRW0000015016:043:3400:0000% 030
Wade AllisonRW000-100004:460:0000:0000% 000

Dallas Stars

5 vs 5 Forward
Line #Left WingCenterRight WingPHYDFOFWanted %Time %Time Play
1Jason RobertsonRoope HintzJoe Pavelski1224032%14:46
2Jamie BennSam SteelRadek Faksa1222526%11:47
3Mason MarchmentMatt DucheneTyler Seguin1222526%11:47
4Ty DellandreaCraig SmithWyatt Johnston1221017%7:47
5 vs 5 Defense
Line #DefenseDefensePHYDFOFWanted %Time %Time Play
1Miro HeiskanenGavin Bayreuther1224042%19:12
2Jani HakanpaaRyan Suter1223032%14:45
3Thomas HarleyNils Lundkvist1222022%9:56
4Miro HeiskanenRyan Suter122105%2:14
Power Play Forward
Line #Left WingCenterRight WingPHYDFOFWanted %Time %Time Play
1Matt DucheneJoe PavelskiJason Robertson1226056%3:20
2Jamie BennRoope HintzTyler Seguin1224044%2:37
Power Play Defense
Line #DefenseDefensePHYDFOFWanted %Time %Time Play
1Miro HeiskanenNils Lundkvist1226058%3:27
2Jani HakanpaaRyan Suter1224042%2:30
Penalty Kill 4 Players Forward
Line #CenterWingPHYDFOFWanted %Time %Time Play
1Matt DucheneJamie Benn1226072%5:45
2Joe PavelskiRoope Hintz1224028%2:11
Penalty Kill 4 Players Defense
Line #DefenseDefensePHYDFOFWanted %Time %Time Play
1Nils LundkvistMiro Heiskanen1226053%4:10
2Jani HakanpaaRyan Suter1224047%3:46
Penalty Kill 3 Players
Line #WingPHYDFOFWanted %Time %Time PlayDefenseDefensePHYDFOFWanted %Time %Time Play
1Joe Pavelski122600%0:00 Nils LundkvistMiro Heiskanen122600%0:00
2Roope Hintz122400%0:00 Jani HakanpaaRyan Suter122400%0:00
4 vs 4 Forward
Line #CenterWingPHYDFOFWanted %Time %Time Play
1Roope HintzJoe Pavelski122600%0:00
2Matt DucheneTyler Seguin122400%0:00
4 vs 4 Defense
Line #DefensePHYDFOFWanted %Time %Time Play
1Miro HeiskanenNils Lundkvist122600%0:00
2Jani HakanpaaRyan Suter122400%0:00
Last Minutes Offensive
Left WingCenterRight WingDefenseDefense
Jason RobertsonJoe PavelskiWyatt JohnstonMiro HeiskanenGavin Bayreuther
Last Minutes Defensive
Left WingCenterRight WingDefenseDefense
Nils LundkvistJoe PavelskiJason RobertsonMiro HeiskanenGavin Bayreuther
Time
Total ForwardTotal DefenseLast Minutes OffensiveLast Minutes Defensive
60:00 60:00 0:000:00
Extra Forwards
Normal PowerPlayPenalty Kill
Sam Steel, Ty Dellandrea, Craig SmithSam Steel, Ty DellandreaCraig Smith
Extra Defensemen
Normal PowerPlayPenalty Kill
Ryan Suter, Nils Lundkvist, Jani HakanpaaJani Hakanpaa, Nils LundkvistJani Hakanpaa
Penalty Shots
Tyler Seguin, Jamie Benn, Joe Pavelski, Roope Hintz, Matt Duchene
Goalie
Jake Oettinger, Scott Wedgewood
Custom OT Lines Forwards
Craig Smith, Jamie Benn, Joe Pavelski, Roope Hintz, Matt Duchene, Tyler Seguin, Radek Faksa, Mason Marchment, Sam Steel, Ty Dellandrea
Custom OT Lines Defensemen
Miro Heiskanen, Thomas Harley, Jani Hakanpaa, Ryan Suter, Nils Lundkvist
Scratches
Matej Blumel (Healthy), Esa Lindell (Suspend), Derrick Pouliot (Strained Right Knee Injury)

Los Angeles Kings

5 vs 5 Forward
Line #Left WingCenterRight WingPHYDFOFWanted %Time %Time Play
1Phillip DanaultSam BennettAdrian Kempe0234032%14:40
2Trevor MooreTrevor LewisViktor Arvidsson0233027%12:31
3Arthur KaliyevBlake LizotteQuinton Byfield1312031%14:10
4Phillip DanaultTyson JostWade Allison1401010%4:46
5 vs 5 Defense
Line #DefenseDefensePHYDFOFWanted %Time %Time Play
1Drew DoughtyNoah Hanifin1224240%18:13
2Matt RoyMikey Anderson1223535%15:56
3Andreas EnglundJacob Moverare1312326%11:58
4Drew DoughtyNoah Hanifin23000%0:00
Power Play Forward
Line #Left WingCenterRight WingPHYDFOFWanted %Time %Time Play
1Phillip DanaultSam BennettAdrian Kempe1135555%4:22
2Trevor MooreTrevor LewisViktor Arvidsson1134545%3:34
Power Play Defense
Line #DefenseDefensePHYDFOFWanted %Time %Time Play
1Drew DoughtyNoah Hanifin1225559%4:43
2Matt RoyMikey Anderson1224541%3:13
Penalty Kill 4 Players Forward
Line #CenterWingPHYDFOFWanted %Time %Time Play
1Sam BennettPhillip Danault1406082%4:51
2Trevor LewisTrevor Moore1404018%1:06
Penalty Kill 4 Players Defense
Line #DefenseDefensePHYDFOFWanted %Time %Time Play
1Drew DoughtyNoah Hanifin2306069%4:08
2Matt RoyMikey Anderson2304031%1:49
Penalty Kill 3 Players
Line #WingPHYDFOFWanted %Time %Time PlayDefenseDefensePHYDFOFWanted %Time %Time Play
1Sam Bennett140600%0:00 Drew DoughtyNoah Hanifin230600%0:00
2Trevor Lewis140400%0:00 Matt RoyMikey Anderson230400%0:00
4 vs 4 Forward
Line #CenterWingPHYDFOFWanted %Time %Time Play
1Sam BennettPhillip Danault122600%0:00
2Trevor LewisTrevor Moore122400%0:00
4 vs 4 Defense
Line #DefensePHYDFOFWanted %Time %Time Play
1Drew DoughtyNoah Hanifin122600%0:00
2Matt RoyMikey Anderson122400%0:00
Last Minutes Offensive
Left WingCenterRight WingDefenseDefense
Phillip DanaultSam BennettAdrian KempeDrew DoughtyNoah Hanifin
Last Minutes Defensive
Left WingCenterRight WingDefenseDefense
Phillip DanaultSam BennettAdrian KempeDrew DoughtyNoah Hanifin
Time
Total ForwardTotal DefenseLast Minutes OffensiveLast Minutes Defensive
60:00 60:00 0:000:00
Extra Forwards
Normal PowerPlayPenalty Kill
Trevor Moore, Arthur Kaliyev, Trevor LewisTrevor Moore, Arthur KaliyevTrevor Moore
Extra Defensemen
Normal PowerPlayPenalty Kill
Mikey Anderson, Andreas Englund, Jacob MoverareMikey Anderson, Mikey AndersonAndreas Englund
Penalty Shots
Adrian Kempe, Phillip Danault, Viktor Arvidsson, Sam Bennett, Trevor Moore
Goalie
Joonas Korpisalo, Pheonix Copley
Custom OT Lines Forwards
Adrian Kempe, Phillip Danault, Viktor Arvidsson, Sam Bennett, Trevor Moore, Arthur Kaliyev, Trevor Lewis, Blake Lizotte, Quinton Byfield, Wade Allison
Custom OT Lines Defensemen
Drew Doughty, Noah Hanifin, Matt Roy, Mikey Anderson, Andreas Englund
Scratches
Kevin Fiala (Healthy), Anze Kopitar (Healthy), Kurtis MacDermid (Healthy)


Play-by-Play

1st period


0:01 of 1st period - Sam Bennett wins face-off versus Roope Hintz in neutral zone.
0:18 of 1st period - Adrian Kempe is hit by Joe Pavelski and loses puck.
2:17 of 1st period - Snap shot by Arthur Kaliyev.
2:17 of 1st period - Deflect By Matt Duchene.
2:17 of 1st period - Stopped by Jake Oettinger with a rebound.
3:00 of 1st period - Wrist shot by Ty Dellandrea.
3:00 of 1st period - Stopped by Joonas Korpisalo with a rebound.
3:12 of 1st period - Slapshot by Arthur Kaliyev.
3:12 of 1st period - Shot Misses the Net.
3:22 of 1st period - Minor Penalty to Miro Heiskanen for Slashing.
3:23 of 1st period - Sam Bennett wins face-off versus Matt Duchene in Dallas Stars zone.
3:24 of 1st period - Slapshot by Adrian Kempe.
3:24 of 1st period - Shot Blocked by Jani Hakanpaa.
3:26 of 1st period - Slapshot by Noah Hanifin.
3:26 of 1st period - Shot Misses the Net.
3:57 of 1st period - Wrist shot by Roope Hintz.
3:57 of 1st period - Stopped by Joonas Korpisalo with a rebound.
5:22 of 1st period - Penalty to Miro Heiskanen is over, Miro Heiskanen is back on ice.
5:31 of 1st period - Trevor Lewis is hit by Ty Dellandrea and loses puck.
6:07 of 1st period - Snap shot by Arthur Kaliyev.
6:07 of 1st period - Shot Misses the Net.
6:09 of 1st period - Snap shot by Phillip Danault.
6:09 of 1st period - Goal by Phillip Danault - Dallas Stars : 0 - Los Angeles Kings : 1.
6:10 of 1st period - Sam Bennett wins face-off versus Roope Hintz in neutral zone.
6:15 of 1st period - Backhand shot by Adrian Kempe.
6:15 of 1st period - Deflect By Sam Bennett.
6:15 of 1st period - Stopped by Jake Oettinger with a rebound.
6:36 of 1st period - Miro Heiskanen is hit by Quinton Byfield and loses puck.
6:41 of 1st period - Snap shot by Arthur Kaliyev.
6:41 of 1st period - Shot Misses the Net.
6:43 of 1st period - Snap shot by Andreas Englund.
6:43 of 1st period - Deflect By Matt Duchene.
6:43 of 1st period - Stopped by Jake Oettinger with a rebound.
6:45 of 1st period - Snap shot by Arthur Kaliyev.
6:45 of 1st period - Goal by Arthur Kaliyev - Dallas Stars : 0 - Los Angeles Kings : 2.
6:46 of 1st period - Roope Hintz wins face-off versus Sam Bennett in neutral zone.
6:59 of 1st period - Slapshot by Roope Hintz.
6:59 of 1st period - Stopped by Joonas Korpisalo with a rebound.
7:01 of 1st period - Wrist shot by Roope Hintz.
7:01 of 1st period - Stopped by Joonas Korpisalo without a rebound.
7:02 of 1st period - Sam Bennett wins face-off versus Sam Steel in Los Angeles Kings zone.
8:15 of 1st period - Adrian Kempe is hit by Ty Dellandrea and loses puck.
8:36 of 1st period - Snap shot by Viktor Arvidsson.
8:36 of 1st period - Shot Misses the Net.
9:38 of 1st period - Snap shot by Wyatt Johnston.
9:38 of 1st period - Shot Misses the Net.
9:40 of 1st period - Wrist shot by Wyatt Johnston.
9:40 of 1st period - Deflect By Craig Smith.
9:40 of 1st period - Stopped by Joonas Korpisalo without a rebound.
9:41 of 1st period - Trevor Lewis wins face-off versus Roope Hintz in Los Angeles Kings zone.
10:44 of 1st period - Slapshot by Adrian Kempe.
10:44 of 1st period - Shot Blocked by Thomas Harley.
10:54 of 1st period - Nils Lundkvist is hit by Trevor Moore.
10:55 of 1st period - Icing by Nils Lundkvist.
10:56 of 1st period - Sam Steel wins face-off versus Trevor Lewis in Dallas Stars zone.
11:28 of 1st period - Slapshot by Jamie Benn.
11:28 of 1st period - Stopped by Joonas Korpisalo with a rebound.
12:02 of 1st period - Jani Hakanpaa is hit by Noah Hanifin and loses puck.
12:39 of 1st period - Snap shot by Jamie Benn.
12:39 of 1st period - Shot Blocked by Sam Bennett.
12:41 of 1st period - Wrist shot by Jamie Benn.
12:41 of 1st period - Shot Misses the Net.
12:43 of 1st period - Slapshot by Radek Faksa.
12:43 of 1st period - Stopped by Joonas Korpisalo without a rebound.
12:44 of 1st period - Jason Robertson wins face-off versus Blake Lizotte in Los Angeles Kings zone.
12:53 of 1st period - Slapshot by Jason Robertson.
12:53 of 1st period - Shot Misses the Net.
13:11 of 1st period - Wrist shot by Wyatt Johnston.
13:11 of 1st period - Shot Misses the Net.
13:27 of 1st period - Snap shot by Arthur Kaliyev.
13:27 of 1st period - Shot Misses the Net.
13:29 of 1st period - Snap shot by Blake Lizotte.
13:29 of 1st period - Stopped by Jake Oettinger without a rebound.
13:30 of 1st period - Sam Bennett wins face-off versus Roope Hintz in Dallas Stars zone.
14:06 of 1st period - Slapshot by Miro Heiskanen.
14:06 of 1st period - Stopped by Joonas Korpisalo with a rebound.
14:24 of 1st period - Craig Smith is hit by Andreas Englund and loses puck.
14:37 of 1st period - Blake Lizotte is hit by Roope Hintz and loses puck.
15:41 of 1st period - Slapshot by Miro Heiskanen.
15:41 of 1st period - Goal by Miro Heiskanen - Dallas Stars : 1 - Los Angeles Kings : 2.
15:42 of 1st period - Sam Bennett wins face-off versus Jason Robertson in neutral zone.
15:51 of 1st period - Snap shot by Adrian Kempe.
15:51 of 1st period - Shot Blocked by Gavin Bayreuther.
15:53 of 1st period - Snap shot by Phillip Danault.
15:53 of 1st period - Shot Blocked by Miro Heiskanen.
16:09 of 1st period - Mason Marchment is hit by Trevor Moore and loses puck.
16:18 of 1st period - Snap shot by Viktor Arvidsson.
16:18 of 1st period - Deflect By Matt Duchene.
16:18 of 1st period - Stopped by Jake Oettinger with a rebound.
16:20 of 1st period - Snap shot by Viktor Arvidsson.
16:20 of 1st period - Shot Blocked by Mason Marchment.
16:38 of 1st period - Slapshot by Jamie Benn.
16:38 of 1st period - Shot Misses the Net.
16:40 of 1st period - Slapshot by Miro Heiskanen.
16:40 of 1st period - Shot Misses the Net.
16:42 of 1st period - Snap shot by Jamie Benn.
16:42 of 1st period - Shot Blocked by Drew Doughty.
16:44 of 1st period - Wrist shot by Radek Faksa.
16:44 of 1st period - Shot Misses the Net.
16:46 of 1st period - Slapshot by Miro Heiskanen.
16:46 of 1st period - Stopped by Joonas Korpisalo with a rebound.
17:06 of 1st period - Snap shot by Phillip Danault.
17:06 of 1st period - Stopped by Jake Oettinger without a rebound.
17:07 of 1st period - Phillip Danault wins face-off versus Matt Duchene in Dallas Stars zone.
17:16 of 1st period - Wrist shot by Phillip Danault.
17:16 of 1st period - Stopped by Jake Oettinger with a rebound.
17:24 of 1st period - Snap shot by Mason Marchment.
17:24 of 1st period - Shot Misses the Net.
17:48 of 1st period - Trevor Lewis is hit by Jason Robertson.
18:08 of 1st period - Wrist shot by Jamie Benn.
18:08 of 1st period - Stopped by Joonas Korpisalo without a rebound.
18:09 of 1st period - Phillip Danault wins face-off versus Matt Duchene in Los Angeles Kings zone.
18:13 of 1st period - Off-side.
18:14 of 1st period - Matt Duchene wins face-off versus Sam Bennett in neutral zone.
18:22 of 1st period - Miro Heiskanen is hit by Sam Bennett and loses puck.
18:27 of 1st period - Snap shot by Adrian Kempe.
18:27 of 1st period - Shot Misses the Net.
18:29 of 1st period - Snap shot by Drew Doughty.
18:29 of 1st period - Stopped by Jake Oettinger with a rebound.
18:31 of 1st period - Snap shot by Phillip Danault.
18:31 of 1st period - Goal by Phillip Danault - Dallas Stars : 1 - Los Angeles Kings : 3.
18:32 of 1st period - Sam Bennett wins face-off versus Roope Hintz in neutral zone.
18:39 of 1st period - Wrist shot by Adrian Kempe.
18:39 of 1st period - Shot Blocked by Jason Robertson.
19:37 of 1st period - Wrist shot by Trevor Moore.
19:37 of 1st period - Deflect By Viktor Arvidsson.
19:37 of 1st period - Stopped by Jake Oettinger without a rebound.
19:38 of 1st period - Blake Lizotte wins face-off versus Roope Hintz in Dallas Stars zone.
19:45 of 1st period - Slapshot by Drew Doughty.
19:45 of 1st period - Shot Blocked by Miro Heiskanen.
Goals for this period are 1 for Dallas Stars vs 3 for Los Angeles Kings.
Shots for this period are 11 for Dallas Stars vs 12 for Los Angeles Kings.

2nd period


0:01 of 2nd period - Sam Bennett wins face-off versus Roope Hintz in neutral zone.
0:26 of 2nd period - Gavin Bayreuther is hit by Trevor Moore and loses puck.
0:35 of 2nd period - Snap shot by Viktor Arvidsson.
0:35 of 2nd period - Stopped by Jake Oettinger without a rebound.
0:36 of 2nd period - Trevor Lewis wins face-off versus Roope Hintz in Dallas Stars zone.
0:45 of 2nd period - Snap shot by Jason Robertson.
0:45 of 2nd period - Shot Blocked by Matt Roy.
0:47 of 2nd period - Snap shot by Joe Pavelski.
0:47 of 2nd period - Shot Misses the Net.
0:49 of 2nd period - Snap shot by Joe Pavelski.
0:49 of 2nd period - Stopped by Joonas Korpisalo with a rebound.
0:51 of 2nd period - Slapshot by Ryan Suter.
0:51 of 2nd period - Shot Blocked by Matt Roy.
0:53 of 2nd period - Backhand shot by Ryan Suter.
0:53 of 2nd period - Stopped by Joonas Korpisalo without a rebound.
0:54 of 2nd period - Matt Duchene wins face-off versus Sam Bennett in Los Angeles Kings zone.
0:57 of 2nd period - Snap shot by Matt Duchene.
0:57 of 2nd period - Goal by Matt Duchene - Dallas Stars : 2 - Los Angeles Kings : 3.
0:58 of 2nd period - Adrian Kempe wins face-off versus Roope Hintz in neutral zone.
1:52 of 2nd period - Slapshot by Viktor Arvidsson.
1:52 of 2nd period - Stopped by Jake Oettinger with a rebound.
1:54 of 2nd period - Snap shot by Viktor Arvidsson.
1:54 of 2nd period - Deflect By Trevor Moore.
1:54 of 2nd period - Shot Blocked by Jani Hakanpaa.
1:54 of 2nd period - Puck is out of play.
1:55 of 2nd period - Sam Bennett wins face-off versus Tyler Seguin in Dallas Stars zone.
1:58 of 2nd period - Snap shot by Sam Bennett.
1:58 of 2nd period - Shot Blocked by Mason Marchment.
2:03 of 2nd period - Minor Penalty to Mason Marchment for High sticking.
2:04 of 2nd period - Matt Duchene wins face-off versus Sam Bennett in Dallas Stars zone.
2:36 of 2nd period - Slapshot by Viktor Arvidsson.
2:36 of 2nd period - Deflect By Trevor Moore.
2:36 of 2nd period - Shot Blocked by Nils Lundkvist.
2:36 of 2nd period - Puck is out of play.
2:37 of 2nd period - Sam Bennett wins face-off versus Matt Duchene in Dallas Stars zone.
2:50 of 2nd period - Wrist shot by Adrian Kempe.
2:50 of 2nd period - Shot Misses the Net.
3:39 of 2nd period - Matt Duchene is hit by Phillip Danault.
4:03 of 2nd period - Penalty to Mason Marchment is over, Mason Marchment is back on ice.
4:05 of 2nd period - Jani Hakanpaa is hit by Phillip Danault and loses puck.
5:33 of 2nd period - Snap shot by Wyatt Johnston.
5:33 of 2nd period - Stopped by Joonas Korpisalo with a rebound.
5:45 of 2nd period - Viktor Arvidsson is hit by Mason Marchment and loses puck.
5:52 of 2nd period - Snap shot by Mason Marchment.
5:52 of 2nd period - Shot Misses the Net.
5:54 of 2nd period - Slapshot by Nils Lundkvist.
5:54 of 2nd period - Stopped by Joonas Korpisalo without a rebound.
5:55 of 2nd period - Sam Bennett wins face-off versus Roope Hintz in Los Angeles Kings zone.
7:17 of 2nd period - Minor Penalty to Andreas Englund for Roughing.
7:18 of 2nd period - Sam Bennett wins face-off versus Joe Pavelski in Los Angeles Kings zone.
9:03 of 2nd period - Phillip Danault is hit by Jamie Benn and loses puck.
9:17 of 2nd period - Penalty to Andreas Englund is over, Andreas Englund is back on ice.
10:11 of 2nd period - Matt Duchene is hit by Andreas Englund and loses puck.
10:28 of 2nd period - Mikey Anderson is hit by Radek Faksa and loses puck.
11:04 of 2nd period - Icing by Matt Duchene.
11:05 of 2nd period - Matt Duchene wins face-off versus Trevor Lewis in Dallas Stars zone.
11:30 of 2nd period - Off-side.
11:31 of 2nd period - Blake Lizotte wins face-off versus Roope Hintz in neutral zone.
11:40 of 2nd period - Snap shot by Drew Doughty.
11:40 of 2nd period - Shot Blocked by Ryan Suter.
11:42 of 2nd period - Slapshot by Noah Hanifin.
11:42 of 2nd period - Stopped by Jake Oettinger without a rebound.
11:43 of 2nd period - Sam Bennett wins face-off versus Roope Hintz in Dallas Stars zone.
11:52 of 2nd period - Snap shot by Adrian Kempe.
11:52 of 2nd period - Stopped by Jake Oettinger without a rebound.
11:53 of 2nd period - Sam Bennett wins face-off versus Roope Hintz in Dallas Stars zone.
12:02 of 2nd period - Backhand shot by Adrian Kempe.
12:02 of 2nd period - Stopped by Jake Oettinger with a rebound.
12:04 of 2nd period - Slapshot by Noah Hanifin.
12:04 of 2nd period - Deflect By Adrian Kempe.
12:04 of 2nd period - Goal by Adrian Kempe - Dallas Stars : 2 - Los Angeles Kings : 4.
12:04 of 2nd period - Scott Wedgewood enters game.
12:05 of 2nd period - Roope Hintz wins face-off versus Sam Bennett in neutral zone.
12:07 of 2nd period - Off-side.
12:08 of 2nd period - Sam Bennett wins face-off versus Roope Hintz in neutral zone.
12:12 of 2nd period - Minor Penalty to Gavin Bayreuther for Roughing.
12:13 of 2nd period - Sam Bennett wins face-off versus Matt Duchene in Dallas Stars zone.
12:26 of 2nd period - Miro Heiskanen is hit by Sam Bennett and loses puck.
12:55 of 2nd period - Wrist shot by Joe Pavelski.
12:55 of 2nd period - Stopped by Joonas Korpisalo with a rebound.
14:12 of 2nd period - Penalty to Gavin Bayreuther is over, Gavin Bayreuther is back on ice.
14:54 of 2nd period - Wrist shot by Tyler Seguin.
14:54 of 2nd period - Shot Misses the Net.
14:56 of 2nd period - Snap shot by Gavin Bayreuther.
14:56 of 2nd period - Shot Blocked by Andreas Englund.
16:15 of 2nd period - Sam Bennett is hit by Radek Faksa and loses puck.
16:45 of 2nd period - Blake Lizotte is hit by Ryan Suter and loses puck.
16:56 of 2nd period - Trevor Lewis is hit by Matt Duchene and loses puck.
17:08 of 2nd period - Mason Marchment is hit by Trevor Lewis and loses puck.
18:24 of 2nd period - Quinton Byfield is hit by Jani Hakanpaa and loses puck.
18:39 of 2nd period - Snap shot by Matt Duchene.
18:39 of 2nd period - Stopped by Joonas Korpisalo with a rebound.
18:41 of 2nd period - Slapshot by Thomas Harley.
18:41 of 2nd period - Stopped by Joonas Korpisalo with a rebound.
18:43 of 2nd period - Snap shot by Matt Duchene.
18:43 of 2nd period - Shot Misses the Net.
18:49 of 2nd period - Quinton Byfield is hit by Matt Duchene and loses puck.
19:02 of 2nd period - Snap shot by Blake Lizotte.
19:02 of 2nd period - Goal by Blake Lizotte - Dallas Stars : 2 - Los Angeles Kings : 5.
19:03 of 2nd period - Roope Hintz wins face-off versus Sam Bennett in neutral zone.
19:30 of 2nd period - Wrist shot by Phillip Danault.
19:30 of 2nd period - Deflect By Wade Allison.
19:30 of 2nd period - Shot Blocked by Ryan Suter.
19:30 of 2nd period - Puck is out of play.
19:31 of 2nd period - Sam Steel wins face-off versus Tyson Jost in Dallas Stars zone.
19:31 of 2nd period - Sam Steel is hit by Jacob Moverare.
19:49 of 2nd period - Minor Penalty to Gavin Bayreuther for High sticking.
19:50 of 2nd period - Jamie Benn wins face-off versus Sam Bennett in Dallas Stars zone.
Goals for this period are 1 for Dallas Stars vs 2 for Los Angeles Kings.
Shots for this period are 8 for Dallas Stars vs 7 for Los Angeles Kings.

3rd period


0:01 of 3rd period - Matt Duchene wins face-off versus Sam Bennett in neutral zone.
1:19 of 3rd period - Craig Smith is hit by Matt Roy.
1:33 of 3rd period - Wrist shot by Trevor Moore.
1:33 of 3rd period - Stopped by Scott Wedgewood without a rebound.
1:34 of 3rd period - Matt Duchene wins face-off versus Sam Bennett in Dallas Stars zone.
1:42 of 3rd period - Off-side.
1:43 of 3rd period - Sam Bennett wins face-off versus Matt Duchene in neutral zone.
1:49 of 3rd period - Penalty to Gavin Bayreuther is over, Gavin Bayreuther is back on ice.
1:54 of 3rd period - Wrist shot by Adrian Kempe.
1:54 of 3rd period - Shot Blocked by Matt Duchene.
1:58 of 3rd period - Snap shot by Phillip Danault.
1:58 of 3rd period - Stopped by Scott Wedgewood with a rebound.
2:00 of 3rd period - Slapshot by Noah Hanifin.
2:00 of 3rd period - Stopped by Scott Wedgewood with a rebound.
2:02 of 3rd period - Snap shot by Adrian Kempe.
2:02 of 3rd period - Shot Misses the Net.
2:04 of 3rd period - Slapshot by Phillip Danault.
2:04 of 3rd period - Shot Misses the Net.
2:06 of 3rd period - Snap shot by Sam Bennett.
2:06 of 3rd period - Stopped by Scott Wedgewood with a rebound.
2:08 of 3rd period - Slapshot by Adrian Kempe.
2:08 of 3rd period - Goal by Adrian Kempe - Dallas Stars : 2 - Los Angeles Kings : 6.
2:09 of 3rd period - Sam Bennett wins face-off versus Jason Robertson in neutral zone.
2:16 of 3rd period - Slapshot by Phillip Danault.
2:16 of 3rd period - Shot Blocked by Gavin Bayreuther.
2:23 of 3rd period - Minor Penalty to Drew Doughty for Roughing.
2:24 of 3rd period - Sam Bennett wins face-off versus Joe Pavelski in Los Angeles Kings zone.
2:51 of 3rd period - Noah Hanifin is hit by Tyler Seguin.
2:59 of 3rd period - Wrist shot by Jamie Benn.
2:59 of 3rd period - Shot Blocked by Sam Bennett.
3:01 of 3rd period - Snap shot by Jani Hakanpaa.
3:01 of 3rd period - Stopped by Joonas Korpisalo with a rebound.
4:03 of 3rd period - Slapshot by Tyson Jost.
4:03 of 3rd period - Shot Misses the Net.
4:05 of 3rd period - Wrist shot by Tyson Jost.
4:05 of 3rd period - Shot Misses the Net.
4:07 of 3rd period - Slapshot by Jacob Moverare.
4:07 of 3rd period - Shot Misses the Net.
4:23 of 3rd period - Penalty to Drew Doughty is over, Drew Doughty is back on ice.
4:31 of 3rd period - Snap shot by Ty Dellandrea.
4:31 of 3rd period - Stopped by Joonas Korpisalo without a rebound.
4:32 of 3rd period - Craig Smith wins face-off versus Trevor Lewis in Los Angeles Kings zone.
4:43 of 3rd period - Miro Heiskanen is hit by Viktor Arvidsson and loses puck.
4:53 of 3rd period - Off-side.
4:54 of 3rd period - Sam Steel wins face-off versus Blake Lizotte in neutral zone.
4:59 of 3rd period - Snap shot by Sam Steel.
4:59 of 3rd period - Stopped by Joonas Korpisalo with a rebound.
5:01 of 3rd period - Slapshot by Nils Lundkvist.
5:01 of 3rd period - Deflect By Jamie Benn.
5:01 of 3rd period - Deflect By Arthur Kaliyev.
5:01 of 3rd period - Shot Misses the Net.
5:01 of 3rd period - Puck is out of play.
5:02 of 3rd period - Roope Hintz wins face-off versus Sam Bennett in Los Angeles Kings zone.
5:03 of 3rd period - Snap shot by Jason Robertson.
5:03 of 3rd period - Stopped by Joonas Korpisalo with a rebound.
5:19 of 3rd period - Snap shot by Adrian Kempe.
5:19 of 3rd period - Goal by Adrian Kempe - Dallas Stars : 2 - Los Angeles Kings : 7.
5:20 of 3rd period - Sam Bennett wins face-off versus Roope Hintz in neutral zone.
6:16 of 3rd period - Phillip Danault is hit by Radek Faksa.
6:48 of 3rd period - Ryan Suter is hit by Trevor Moore and loses puck.
7:27 of 3rd period - Slapshot by Jamie Benn.
7:27 of 3rd period - Stopped by Joonas Korpisalo without a rebound.
7:28 of 3rd period - Roope Hintz wins face-off versus Quinton Byfield in Los Angeles Kings zone.
7:35 of 3rd period - Snap shot by Jason Robertson.
7:35 of 3rd period - Shot Misses the Net.
7:37 of 3rd period - Backhand shot by Gavin Bayreuther.
7:37 of 3rd period - Shot Blocked by Noah Hanifin.
8:17 of 3rd period - Snap shot by Adrian Kempe.
8:17 of 3rd period - Stopped by Scott Wedgewood with a rebound.
8:19 of 3rd period - Slapshot by Andreas Englund.
8:19 of 3rd period - Stopped by Scott Wedgewood with a rebound.
8:37 of 3rd period - Slapshot by Jason Robertson.
8:37 of 3rd period - Stopped by Joonas Korpisalo with a rebound.
8:39 of 3rd period - Backhand shot by Gavin Bayreuther.
8:39 of 3rd period - Deflect By Roope Hintz.
8:39 of 3rd period - Stopped by Joonas Korpisalo without a rebound.
8:40 of 3rd period - Matt Duchene wins face-off versus Trevor Moore in Los Angeles Kings zone.
9:09 of 3rd period - Slapshot by Nils Lundkvist.
9:09 of 3rd period - Shot Blocked by Noah Hanifin.
9:11 of 3rd period - Wrist shot by Roope Hintz.
9:11 of 3rd period - Goal by Roope Hintz - Dallas Stars : 3 - Los Angeles Kings : 7.
9:12 of 3rd period - Roope Hintz wins face-off versus Sam Bennett in neutral zone.
9:38 of 3rd period - Jamie Benn is hit by Noah Hanifin and loses puck.
10:01 of 3rd period - Radek Faksa is hit by Trevor Moore and loses puck.
10:24 of 3rd period - Wrist shot by Matt Duchene.
10:24 of 3rd period - Stopped by Joonas Korpisalo with a rebound.
10:28 of 3rd period - Snap shot by Matt Duchene.
10:28 of 3rd period - Shot Blocked by Matt Roy.
12:21 of 3rd period - Slapshot by Trevor Moore.
12:21 of 3rd period - Shot Blocked by Miro Heiskanen.
13:23 of 3rd period - Snap shot by Jason Robertson.
13:23 of 3rd period - Shot Misses the Net.
13:58 of 3rd period - Drew Doughty is hit by Tyler Seguin and loses puck.
14:14 of 3rd period - Icing by Nils Lundkvist.
14:15 of 3rd period - Tyson Jost wins face-off versus Craig Smith in Dallas Stars zone.
14:29 of 3rd period - Snap shot by Thomas Harley.
14:29 of 3rd period - Stopped by Joonas Korpisalo without a rebound.
14:30 of 3rd period - Roope Hintz wins face-off versus Sam Bennett in Los Angeles Kings zone.
14:33 of 3rd period - Wrist shot by Jason Robertson.
14:33 of 3rd period - Stopped by Joonas Korpisalo with a rebound.
15:01 of 3rd period - Snap shot by Sam Steel.
15:01 of 3rd period - Stopped by Joonas Korpisalo with a rebound.
15:03 of 3rd period - Slapshot by Thomas Harley.
15:03 of 3rd period - Shot Misses the Net.
15:42 of 3rd period - Wrist shot by Wyatt Johnston.
15:42 of 3rd period - Stopped by Joonas Korpisalo with a rebound.
15:44 of 3rd period - Wrist shot by Wyatt Johnston.
15:44 of 3rd period - Goal by Wyatt Johnston - Dallas Stars : 4 - Los Angeles Kings : 7.
15:45 of 3rd period - Sam Bennett wins face-off versus Roope Hintz in neutral zone.
15:58 of 3rd period - Roope Hintz is hit by Sam Bennett and loses puck.
16:19 of 3rd period - Wrist shot by Viktor Arvidsson.
16:19 of 3rd period - Stopped by Scott Wedgewood without a rebound.
16:20 of 3rd period - Matt Duchene wins face-off versus Trevor Lewis in Dallas Stars zone.
16:20 of 3rd period - Matt Duchene is hit by Trevor Moore.
16:37 of 3rd period - Minor Penalty to Mikey Anderson for Tripping.
16:38 of 3rd period - Joe Pavelski wins face-off versus Sam Bennett in Los Angeles Kings zone.
16:44 of 3rd period - Snap shot by Jason Robertson.
16:44 of 3rd period - Shot Misses the Net.
18:06 of 3rd period - Matt Duchene is hit by Drew Doughty and loses puck.
18:37 of 3rd period - Penalty to Mikey Anderson is over, Mikey Anderson is back on ice.
18:43 of 3rd period - Arthur Kaliyev is hit by Miro Heiskanen and loses puck.
18:52 of 3rd period - Andreas Englund is hit by Miro Heiskanen and loses puck.
19:03 of 3rd period - Trevor Lewis is hit by Radek Faksa and loses puck.
19:47 of 3rd period - Jacob Moverare is hit by Tyler Seguin and loses puck.
Goals for this period are 2 for Dallas Stars vs 2 for Los Angeles Kings.
Shots for this period are 14 for Dallas Stars vs 9 for Los Angeles Kings.